Map: Paladino Terminal LE

Players

Marti - Winner!

  • Race: Terran Terran
  • League: Diamond
  • Spawn Location: 5:00

Musumeci

  • Race: Zerg Zerg
  • League: Diamond
  • Spawn Location: 9:00

VOD

Have the link to the VOD?

Description

Time

  • Played on: April 3, 2017, 2:31 p.m.
  • Length: 9:31
Show
View Real Time Build Order
Export as new Build Order

Marti Terran - Winner!

Build Orders: MMM Bio 

Get SALT Encoding   

  12  0:01  SCV  
  13  0:13  SCV  
  14  0:18  Supply Depot  
  14  0:25  SCV  
  15  0:40  SCV  
  15  0:42  Barracks  
  16  0:47  Refinery  
  16  0:52  SCV  
  17  1:04  SCV  
  18  1:16  SCV  
  19  1:31  Orbital Command  
  19  1:32  Reaper  
  20  1:34  Supply Depot  
  20  1:57  SCV  
  22  2:09  SCV  
  22  2:11  Command Center  
  22  2:12  Marine  
  23  2:21  SCV, Factory  
  24  2:26  Refinery  
  24  2:37  Barracks Reactor  
  24  2:39  SCV  
  25  2:51  SCV  
  26  3:04  SCV  
  27  3:16  SCV  
  28  3:25  Starport  
  28  3:28  SCV  
  28  3:33  Orbital Command  
  29  3:34  Barracks x2  
  29  3:38  Hellion x2  
  29  3:40  SCV  
  34  3:42  Barracks Reactor  
  34  3:48  Supply Depot  
  34  3:52  SCV  
  35  4:00  SCV  
  36  4:03  Hellion x2  
  36  4:04  SCV  
  36  4:07  Medivac  
  43  4:12  SCV  
  43  4:16  SCV  
  45  4:23  Barracks Reactor  
  45  4:24  SCV, Barracks Tech Lab  
  45  4:28  SCV  
  45  4:29  Barracks Tech Lab  
  47  4:33  Hellion x2  
  51  4:46  Stimpack  
  51  4:47  SCV, Combat Shields  
  51  4:48  SCV, Marine  
  51  4:49  Liberator  
  54  4:58  Supply Depot  
  54  5:00  Supply Depot  
  54  5:01  Refinery  
  54  5:03  Refinery  
  54  5:06  SCV  
  58  5:16  SCV  
  58  5:18  SCV  
  60  5:23  Marine  
  60  5:24  Marauder, Marine x2, Engineering Bay x2  
  65  5:34  Bunker  
  65  5:42  SCV x2  
  65  5:54  SCV x2  
  65  5:55  Marine x4  
  65  5:56  Medivac x2  
  73  6:06  SCV  
  64  6:13  Marauder  
  64  6:16  Marine x3  
  64  6:18  SCV  
  70  6:25  Barracks x2  
  70  6:26  Terran Infantry Weapons Level 1  
  70  6:34  Marine  
  70  6:35  Marauder x2  
  70  6:37  SCV x2  
  77  6:41  Marine  
  77  6:45  Concussive Shells  
  78  6:53  Supply Depot  
  78  6:57  Supply Depot  
  78  7:12  Supply Depot x2  
  78  7:13  Supply Depot  
  78  7:14  Marine x4, Medivac x2, Supply Depot  
  86  7:16  Terran Infantry Armor Level 1  
  86  7:19  Barracks Tech Lab  
  86  7:20  Barracks Reactor, Widow Mine  
  86  7:21  Armory  
  88  7:25  Barracks  
  87  7:32  Marine x2  
  87  7:33  Marauder  
  87  7:34  SCV x2  
  87  7:36  Marine  
  93  7:41  Marine  
  94  7:44  Medivac  
  94  7:50  Marine x2  
  97  7:53  Marine  
  89  8:00  Marine x3  
  89  8:01  Marauder  
  90  8:08  Marauder, Marine  
  90  8:11  Marine  
  94  8:17  Widow Mine x2  
  94  8:18  Marine x3  
  97  8:21  Marine  
  97  8:30  Marauder, Marine x2  
  97  8:31  Medivac  
  97  8:32  SCV  
  101  8:34  SCV  
  101  8:36  Marine  
  101  8:40  Marauder  
  105  8:44  SCV  
  101  8:50  Marine x2  
  101  8:51  Marauder x2, Marine  
  101  8:54  Marine  
  109  9:01  Marine  
  109  9:08  Marine x3  
  110  9:12  Barracks Reactor, Marine x2  
Show
View Real Time Build Order
Export as new Build Order

Musumeci Zerg 

Build Orders: Hatch First 

Get SALT Encoding   

  12  0:04  Drone  
  13  0:13  Overlord  
  13  0:20  Drone  
  14  0:21  Extractor  
  14  0:24  Drone  
  15  0:37  Drone  
  16  0:56  Hatchery  
  15  0:59  Drone  
  16  1:15  Spawning Pool  
  16  1:17  Drone  
  16  1:23  Drone  
  16  1:25  Drone  
  18  1:30  Drone  
  19  1:42  Drone  
  20  1:53  Drone  
  21  2:07  Queen x2  
  25  2:08  Drone  
  25  2:09  Overlord  
  25  2:15  Drone  
  27  2:21  Drone  
  28  2:25  Overlord  
  28  2:31  Drone  
  29  2:42  Queen, Drone  
  29  2:43  Queen, Drone  
  35  2:47  Drone  
  36  2:53  Drone  
  37  2:59  Drone  
  37  3:01  Drone  
  39  3:06  Overlord  
  38  3:25  Extractor  
  37  3:34  Extractor, Roach Warren  
  36  3:36  Drone  
  36  3:37  Drone x6  
  36  3:40  Hatchery  
  41  3:59  Drone x4  
  45  4:32  Evolution Chamber  
  45  4:35  Evolution Chamber  
  43  4:39  Drone  
  43  4:40  Drone x8  
  52  4:47  Overlord  
  52  4:48  Overlord  
  52  4:54  Extractor  
  51  5:00  Extractor  
  51  5:02  Drone  
  51  5:03  Drone  
  51  5:06  Roach  
  51  5:07  Roach x4  
  62  5:12  Roach x3  
  68  6:11  Overlord  
  68  6:12  Overlord  
  68  6:15  Overlord  
  68  6:25  Zerg Missile Weapons Level 1  
  68  6:27  Lair  
  68  6:28  Spore Crawler x2  
  68  6:30  Spore Crawler  
  63  6:33  Drone x2  
  64  6:49  Drone  
  64  6:52  Drone x3  
  64  6:53  Drone  
  73  6:54  Drone x11  
  80  7:05  Ravager x3  
  80  7:07  Roach x3  
  89  7:26  Spore Crawler  
  88  7:33  Drone  
  88  7:34  Drone x2  
  88  7:35  Extractor  
  88  7:36  Extractor  
  87  7:38  Overlord x6  
  83  8:00  Roach  
  83  8:01  Roach x12  
  90  8:19  Roach x6  
  106  8:20  Roach x3  
  100  8:31  Roach x3  
  90  8:36  Roach x3  
  90  8:48  Roach x6  
  92  8:54  Roach  
  73  9:07  Roach x6  
Tags
 
Composition
MMM Bio
Matchup
TvZ
Replay Pack
replay pack
Spawn Locations
Cross Positions
Add a new tag
Caveats
  • Supply blocks, unpowered buildings, or Contaminate may cause inaccurate times.
  • Supply counts are checked every 10 seconds.